 Dungeon Crawl Stone Soup version 0.19.1 (webtiles) character file.

1780 XO4YCPATb the Hasty (level 8, -4/94 HPs)
             Began as a Mottled Draconian Monk on Dec 11, 2016.
             Was a Priest of Cheibriados (penitent).
             Slain by an orc warrior
             ... wielding a +0 trident
              (8 damage)
             ... on level 7 of the Dungeon.
             The game lasted 00:11:32 (8108 turns).

XO4YCPATb the Hasty (Mottled Draconian Monk)        Turns: 8108, Time: 00:11:33

Health: -4/94      AC:  8    Str: 19    XL:     8   Next: 81%
Magic:  15/15      EV: 13    Int: 13    God:    Cheibriados [*]
Gold:   302        SH:  0    Dex: 13    Spells: 0 memorised, 7 levels left

rFire  + . .     SeeInvis .       - Unarmed
rCold  . . .     Gourm    .     (armour unavailable)
rNeg   . . .     Faith    .     (no shield)
rPois  .         Spirit   .     (helmet restricted)
rElec  .         Reflect  .     u - +0 cloak
rCorr  .         Harm     .     l - +0 pair of gloves
MR     .....                    (no boots)
Stlth  ..........               (no amulet)
                                (no ring)
                                w - ring of protection from fire

@: berserking, short of breath, very slow
A: breathe sticky flame splash, unfitting armour, cold-blooded, AC +6
a: Breathe Sticky Flame, Renounce Religion


You were on level 7 of the Dungeon.
You worshipped Cheibriados.
Cheibriados was demanding penance.
You were not hungry.

You visited 2 branches of the dungeon, and saw 8 of its levels.

You collected 302 gold pieces.

Inventory:

Armour
 l - a +0 pair of gloves (worn)
 u - a +0 cloak (worn)
Jewellery
 w - a ring of protection from fire (left hand)
Wands
 q - a wand of slowing (36/48)
 y - a wand of flame (10/48)
Scrolls
 f - 3 scrolls of magic mapping
 i - 3 scrolls of enchant armour
 m - a scroll of immolation
 n - a scroll of blinking
 p - 2 scrolls of remove curse
 s - a scroll of recharging {unknown}
 A - a scroll of fear {unknown}
Potions
 b - 3 potions of flight
 d - a potion of might
 e - 2 potions of degeneration
 g - 2 potions of brilliance {unknown}
 h - a potion of heal wounds
 k - 3 potions of lignification
 r - 2 potions of agility {unknown}
 v - a potion of curing
 z - a potion of haste {unknown}
Comestibles
 a - 5 bread rations
 j - 7 meat rations
 o - 12 fruits
 t - 2 slices of pizza
 x - 2 chunks of flesh


   Skills:
 - Level 3.2 Fighting
 + Level 2.6 Dodging
 - Level 1.7 Stealth
 - Level 6.4 Unarmed Combat
 - Level 10.6 Invocations


You had 7 spell levels left.
You didn't know any spells.

Dungeon Overview and Level Annotations

Branches:
Dungeon (7/15)             Temple (1/1) D:4

Altars:
Ashenzari
Cheibriados
Dithmenos
Elyvilon
Fedhas
Gozag
Hepliaklqana
Kikubaaqudgha
Makhleb
Nemelex Xobeh
Okawaru
Qazlal
Ru
Trog
Vehumet
Yredelemnul
Zin
The Shining One


Innate Abilities, Weirdness & Mutations

You can spit globs of burning liquid.
You can ignite nearby creatures when you spit burning liquid.
Your weird mottled scales are hard. (AC +6)
You cannot fit into any form of body armour.
You are cold-blooded and may be slowed by cold attacks.


Message History

You feel very guilty. "You will pay for your transgression, mortal!"
Cheibriados forces you to slow down.
You feel mighty! The orc hits you but does no damage.
The orc hits you from afar with a trident.
* * * LOW HITPOINT WARNING * * *
You punch the orc warrior!
The orc warrior is almost dead.
The orc warrior misses you. The orc barely misses you.
The orc closely misses you.
You barely miss the orc warrior.
Your tail-slap misses the orc warrior.
The orc warrior is almost dead.
The orc warrior hits you with a trident!
* * * LOW HITPOINT WARNING * * *
The orc misses you.
You barely miss the orc warrior.
The orc warrior is almost dead.
The orc closely misses you.
The orc warrior hits you with a trident!
You die...

.............#
#.#..........# #
#.#..(.......# #.
#.#..).......# ...
#.##.<)......# ....
#..#[........# .....
#...........#
#.....####...........#
#....oo@(............#
.....oo####.......[.)#
.#.#.## #.#.......##
.. #.##.....## ...
#.######## .. #.# . ..


You could see an orc warrior and 3 orcs.

Vanquished Creatures
  A water moccasin (D:6)
  Duvessa (D:7)
  A sky beast (D:6)
  A black bear (D:6)
  An orc warrior (D:6)
  The ghost of XO4YCPATb the Ruffian, an amateur DrMo (D:3)
  2 ogres
  A centaur (D:6)
  A bullfrog (D:6)
  Dowan (D:7)
  A scorpion (D:5)
  An electric eel (D:6)
  A crimson imp (D:7)
  A hound (D:4)
  4 orc priests
  Crazy Yiuf (D:3)
  A centaur skeleton (D:6)
  3 orc wizards (D:5)
  2 bullfrog skeletons
  An iguana (D:4)
  6 worker ants
  A worker ant zombie (D:6)
  A howler monkey zombie (D:5)
  3 adders
  7 gnolls
  A worm (D:2)
  A dart slug (D:3)
  4 leopard geckos
  12 orcs
  3 giant cockroaches
  5 goblins
  10 hobgoblins
  12 jackals
  A quokka (D:5)
  3 ball pythons
  5 bats
  2 frilled lizards
  A jackal zombie (D:5)
  6 kobolds
  A leopard gecko skeleton (D:4)
  6 rats
118 creatures vanquished.

Notes
Turn   | Place    | Note
-------+----------+-------------------------------------------
     0 | D:1      | XO4YCPATb the Draconian Monk began the quest for the Orb.
     0 | D:1      | Reached XP level 1. HP: 19/19 MP: 1/1
   388 | D:1      | Reached XP level 2. HP: 22/26 MP: 2/2
  1387 | D:2      | Reached XP level 3. HP: 27/31 MP: 3/3
  2304 | D:3      | Reached skill level 5 in Unarmed Combat
  2304 | D:3      | Reached XP level 4. HP: 17/38 MP: 4/4
  2426 | D:3      | Noticed XO4YCPATb's ghost (amateur DrMo)
  2791 | D:3      | Found a runed door.
  3096 | D:4      | Noticed an ogre
  3111 | D:4      | Reached XP level 5. HP: 45/45 MP: 5/5
  3119 | D:4      | Killed an ogre
  3270 | D:4      | Found a staircase to the Ecumenical Temple.
  3281 | Temple   | Entered the Ecumenical Temple
  3312 | Temple   | Became a worshipper of Cheibriados the Contemplative
  3312 | Temple   | Reached * piety under Cheibriados
  3312 | Temple   | Reached ** piety under Cheibriados
  3439 | Temple   | Reached skill level 1 in Invocations
  3626 | D:4      | Reached XP level 6. HP: 28/51 MP: 7/7
  3675 | D:4      | Reached skill level 2 in Invocations
  4073 | D:4      | Reached skill level 3 in Invocations
  4683 | D:4      | Reached skill level 4 in Invocations
  5019 | D:3      | Killed XO4YCPATb's ghost
  5019 | D:3      | Your scales start taking on a weird mottled colour.
  5019 | D:3      | Reached XP level 7. HP: 36/57 MP: 4/10
  5191 | D:3      | Noticed Crazy Yiuf
  5195 | D:3      | Killed Crazy Yiuf
  5195 | D:3      | Reached skill level 5 in Invocations
  5291 | D:5      | Entered Level 5 of the Dungeon
  5658 | D:5      | Reached *** piety under Cheibriados
  5728 | D:5      | Reached skill level 6 in Invocations
  5866 | D:5      | Found a blossoming altar of Fedhas.
  6279 | D:5      | Reached skill level 7 in Invocations
  6663 | D:6      | Reached XP level 8. HP: 35/63 MP: 13/13
  6857 | D:6      | Reached skill level 8 in Invocations
  6953 | D:6      | Reached skill level 9 in Invocations
  7103 | D:6      | Found a shadowy altar of Dithmenos.
  7767 | D:7      | Noticed Duvessa
  7768 | D:7      | Noticed Dowan
  7775 | D:6      | Reached skill level 10 in Invocations
  7953 | D:7      | Killed Duvessa
  7954 | D:7      | Killed Dowan
  8105 | D:7      | Was placed under penance by Cheibriados
  8107 | D:7      | HP: 4/94 [orc warrior/trident (17)]
  8108 | D:7      | Slain by an orc warrior

Skill      XL: |  1  2  3  4  5  6  7  8 |
---------------+-------------------------+-----
Unarmed Combat | 4 5 6 |  6.4
Invocations    | 1 4 7 10 | 10.6
Fighting       | |  3.2
Dodging        | |  2.6
Stealth        | |  1.7

Action                   |  1- 3 |  4- 6 |  7- 9 || total
-------------------------+-------+-------+-------++-------
Melee: Unarmed           |   166 |   146 |   139 ||   451
       Tailslap          |    13 |    19 |    19 ||    51
       Punch             |     5 |     6 |     7 ||    18
Invok: Bend Time         |       |     2 |       ||     2
 Abil: Breathe Sticky Fl |       |       |    23 ||    23
  Use: Potion            |     3 |     1 |     2 ||     6
       Scroll            |       |       |    10 ||    10
 Stab: Sleeping          |     2 |     1 |     3 ||     6
  Eat: Chunk             |     4 |     6 |     9 ||    19
Armor: Skin              |    41 |    27 |    46 ||   114
Dodge: Dodged            |   114 |    88 |    96 ||   298
